Workbook

Sheet Deckblatt
A1: Businessplan
B3: Bezeichnung Ihres Angebots, Geschäftsmodells
C5: Firma
C6: Muster GbR
C7: Musterstraße
C8: PLZ Ort
C10: Datum
C11: 44562
C13: Ansprechpartner:in
C14: Vorname Nachname
C15: Telefon:
C16: E-Mail:
A18: Hier können Sie ein Foto einfügen

Sheet Zusammenfassung
A1: Business-Plan
A3: =Deckblatt!C5 -> Firma | B3: =Deckblatt!C6 -> Muster GbR | H3: =Deckblatt!C11 -> 44562
A5: Was habe ich vor? Was ist der Kern meines Unternehmens?
A11: Was biete ich an?
A17: Wer sind meine Kunden? Wie erreiche ich diese Kunden?
A23: Warum wird mein Angebot für meine Kunden nützlich sein?
A29: Wer ist im Gründungsteam?
A35: Ab wann wird das Unternehmen Gewinn machen?
A41: Wofür benötigen wir Fremdkapital?

Sheet Geschäftsidee
A1: Business-Plan
A3: =Deckblatt!C5 -> Firma | B3: =Deckblatt!C6 -> Muster GbR | H3: =Deckblatt!C11 -> 44562
A5: Angebot
A20: Nutzen
A35: Kernkompetenzen
B36: • | C36: Was ist dein Angebot?
B41: • | C41: Was genau verkaufst du damit an deine Kunden?

Sheet Vertrieb & Wettbewerb
A1: Business-Plan
A3: =Deckblatt!C5 -> Firma | B3: =Deckblatt!C6 -> Muster GbR | H3: =Deckblatt!C11 -> 44562
A5: Kunden
A20: Vertrieb und Kommunikation
A35: Markt und Wettbewerb

Sheet Team & Partner
A1: Business-Plan
A3: =Deckblatt!C5 -> Firma | B3: =Deckblatt!C6 -> Muster GbR | H3: =Deckblatt!C11 -> 44562
A5: Gründer:innen & Team
A20: Werte
A35: Partner

Sheet Unternehmen
A1: Business-Plan
A3: =Deckblatt!C5 -> Firma | B3: =Deckblatt!C6 -> Muster GbR | H3: =Deckblatt!C11 -> 44562
A5: Produktion / Kernaktivität
A16: Standort
A27: Vorschriften und Hinweise zur Rechtsform
A38: Risiken

Sheet Umsatz & Ertragsquellen
A1: Business-Plan
A3: =Deckblatt!C5 -> Firma | B3: =Deckblatt!C6 -> Muster GbR | H3: =Deckblatt!C11 -> 44562
A5: Umsatz und Ertragsquellen
A18: Umsatz und Erträge
B19: 2021 | C19: =B19+1 -> 2022 | D19: =C19+1 -> 2023 | E19: =D19+1 -> 2024 | F19: =E19+1 -> 2025 | G19: =F19+1 -> 2026 | H19: =G19+1 -> 2027
A20: Produkt 1 | B20: 150000 | C20: 160000 | D20: 170000 | E20: 170000 | F20: 170000 | G20: 170000 | H20: 170000
A21: Produkt 2 | B21: 45390 | C21: 45390 | D21: 50000 | E21: 50000 | F21: 50000 | G21: 50000 | H21: 50000
A22: Produkt 3 | D22: 45000 | E22: 45000 | F22: 45000 | G22: 45000 | H22: 45000
A25: Summe | B25: =SUM(B20:B24) -> 195390 | C25: =SUM(C20:C24) -> 205390 | D25: =SUM(D20:D24) -> 265000 | E25: =SUM(E20:E24) -> 265000 | F25: =SUM(F20:F24) -> 265000 | G25: =SUM(G20:G24) -> 265000 | H25: =SUM(H20:H24) -> 265000
A26: direkte Kosten | B26: 25000 | C26: 25000 | D26: 25000 | E26: 25000 | F26: 25000 | G26: 25000 | H26: 25000
A27: Rohgewinn | B27: =B25-B26 -> 170390 | C27: =C25-C26 -> 180390 | D27: =D25-D26 -> 240000 | E27: =E25-E26 -> 240000 | F27: =F25-F26 -> 240000 | G27: =G25-G26 -> 240000 | H27: =H25-H26 -> 240000
A28: Rohgewinn % | B28: =IFERROR(B27/B25,"") -> 0.87205077 | C28: =IFERROR(C27/C25,"") -> 0.87828034 | D28: =IFERROR(D27/D25,"") -> 0.90566038 | E28: =IFERROR(E27/E25,"") -> 0.90566038 | F28: =IFERROR(F27/F25,"") -> 0.90566038 | G28: =IFERROR(G27/G25,"") -> 0.90566038 | H28: =IFERROR(H27/H25,"") -> 0.90566038

Sheet Kosten
A1: Business-Plan
A3: =Deckblatt!C5 -> Firma | B3: =Deckblatt!C6 -> Muster GbR | H3: =Deckblatt!C11 -> 44562
A5: Kosten & Aufwendungen
A16: Kosten
B17: ='Umsatz & Ertragsquellen'!B19 -> 2021 | C17: =B17+1 -> 2022 | D17: =C17+1 -> 2023 | E17: =D17+1 -> 2024 | F17: =E17+1 -> 2025 | G17: =F17+1 -> 2026 | H17: =G17+1 -> 2027
A18: direkte Kosten | B18: ='Umsatz & Ertragsquellen'!B26 -> 25000 | C18: ='Umsatz & Ertragsquellen'!C26 -> 25000 | D18: ='Umsatz & Ertragsquellen'!D26 -> 25000 | E18: ='Umsatz & Ertragsquellen'!E26 -> 25000 | F18: ='Umsatz & Ertragsquellen'!F26 -> 25000 | G18: ='Umsatz & Ertragsquellen'!G26 -> 25000 | H18: ='Umsatz & Ertragsquellen'!H26 -> 25000
A19: Materialaufwand | B19: 45000 | C19: 45000 | D19: 45000 | E19: 50000 | F19: 50000 | G19: 50000 | H19: 50000
A20: Personalaufwand | B20: 80000 | C20: 82000 | D20: 84000 | E20: 86000 | F20: 88000 | G20: 90000 | H20: 92000
A21: Miete | B21: 6000 | C21: 6000 | D21: 6000 | E21: 6000 | F21: 6000 | G21: 6000 | H21: 6000
A22: Leasing, Gebühren | B22: 3000 | C22: 3000 | D22: 3000 | E22: 3000 | F22: 3000 | G22: 3000 | H22: 3000
A23: sonstige Kosten | B23: 5000 | C23: 5000 | D23: 5000 | E23: 5000 | F23: 5000 | G23: 5000 | H23: 5000
A24: Abschreibungen | B24: 10000 | C24: 10000 | D24: 10000 | E24: 13000 | F24: 13000 | G24: 13000 | H24: 13000
A25: Zinsen | B25: 5000 | C25: 5000 | D25: 5000 | E25: 5000 | F25: 5000 | G25: 5000 | H25: 5000
A26: Summe | B26: =SUM(B18:B25) -> 179000 | C26: =SUM(C18:C25) -> 181000 | D26: =SUM(D18:D25) -> 183000 | E26: =SUM(E18:E25) -> 193000 | F26: =SUM(F18:F25) -> 195000 | G26: =SUM(G18:G25) -> 197000 | H26: =SUM(H18:H25) -> 199000

Sheet Gewinn
A1: Business-Plan
A3: =Deckblatt!C5 -> Firma | B3: =Deckblatt!C6 -> Muster GbR | H3: =Deckblatt!C11 -> 44562
A5: Gewinn
A15: Gewinn
B16: =Kosten!B17 -> 2021 | C16: =B16+1 -> 2022 | D16: =C16+1 -> 2023 | E16: =D16+1 -> 2024 | F16: =E16+1 -> 2025 | G16: =F16+1 -> 2026 | H16: =G16+1 -> 2027
A17: Umsatz/Ertrag | B17: ='Umsatz & Ertragsquellen'!B25 -> 195390 | C17: ='Umsatz & Ertragsquellen'!C25 -> 205390 | D17: ='Umsatz & Ertragsquellen'!D25 -> 265000 | E17: ='Umsatz & Ertragsquellen'!E25 -> 265000 | F17: ='Umsatz & Ertragsquellen'!F25 -> 265000 | G17: ='Umsatz & Ertragsquellen'!G25 -> 265000 | H17: ='Umsatz & Ertragsquellen'!H25 -> 265000
A18: =Kosten!A18 -> direkte Kosten | B18: =Kosten!B18 -> 25000 | C18: =Kosten!C18 -> 25000 | D18: =Kosten!D18 -> 25000 | E18: =Kosten!E18 -> 25000 | F18: =Kosten!F18 -> 25000 | G18: =Kosten!G18 -> 25000 | H18: =Kosten!H18 -> 25000
A19: =Kosten!A19 -> Materialaufwand | B19: =Kosten!B19 -> 45000 | C19: =Kosten!C19 -> 45000 | D19: =Kosten!D19 -> 45000 | E19: =Kosten!E19 -> 50000 | F19: =Kosten!F19 -> 50000 | G19: =Kosten!G19 -> 50000 | H19: =Kosten!H19 -> 50000
A20: =Kosten!A20 -> Personalaufwand | B20: =Kosten!B20 -> 80000 | C20: =Kosten!C20 -> 82000 | D20: =Kosten!D20 -> 84000 | E20: =Kosten!E20 -> 86000 | F20: =Kosten!F20 -> 88000 | G20: =Kosten!G20 -> 90000 | H20: =Kosten!H20 -> 92000
A21: =Kosten!A21 -> Miete | B21: =Kosten!B21 -> 6000 | C21: =Kosten!C21 -> 6000 | D21: =Kosten!D21 -> 6000 | E21: =Kosten!E21 -> 6000 | F21: =Kosten!F21 -> 6000 | G21: =Kosten!G21 -> 6000 | H21: =Kosten!H21 -> 6000
A22: =Kosten!A22 -> Leasing, Gebühren | B22: =Kosten!B22 -> 3000 | C22: =Kosten!C22 -> 3000 | D22: =Kosten!D22 -> 3000 | E22: =Kosten!E22 -> 3000 | F22: =Kosten!F22 -> 3000 | G22: =Kosten!G22 -> 3000 | H22: =Kosten!H22 -> 3000
A23: =Kosten!A23 -> sonstige Kosten | B23: =Kosten!B23 -> 5000 | C23: =Kosten!C23 -> 5000 | D23: =Kosten!D23 -> 5000 | E23: =Kosten!E23 -> 5000 | F23: =Kosten!F23 -> 5000 | G23: =Kosten!G23 -> 5000 | H23: =Kosten!H23 -> 5000
A24: =Kosten!A24 -> Abschreibungen | B24: =Kosten!B24 -> 10000 | C24: =Kosten!C24 -> 10000 | D24: =Kosten!D24 -> 10000 | E24: =Kosten!E24 -> 13000 | F24: =Kosten!F24 -> 13000 | G24: =Kosten!G24 -> 13000 | H24: =Kosten!H24 -> 13000
A25: =Kosten!A25 -> Zinsen | B25: =Kosten!B25 -> 5000 | C25: =Kosten!C25 -> 5000 | D25: =Kosten!D25 -> 5000 | E25: =Kosten!E25 -> 5000 | F25: =Kosten!F25 -> 5000 | G25: =Kosten!G25 -> 5000 | H25: =Kosten!H25 -> 5000
A26: Ergebnis vor Steuern | B26: =B17-SUM(B18:B25) -> 16390 | C26: =C17-SUM(C18:C25) -> 24390 | D26: =D17-SUM(D18:D25) -> 82000 | E26: =E17-SUM(E18:E25) -> 72000 | F26: =F17-SUM(F18:F25) -> 70000 | G26: =G17-SUM(G18:G25) -> 68000 | H26: =H17-SUM(H18:H25) -> 66000
A27: Ertragssteuern | B27: =IF(B26>0,0.3*B26,0) -> 4917 | C27: =IF(C26>0,0.3*C26,0) -> 7317 | D27: =IF(D26>0,0.3*D26,0) -> 24600 | E27: =IF(E26>0,0.3*E26,0) -> 21600 | F27: =IF(F26>0,0.3*F26,0) -> 21000 | G27: =IF(G26>0,0.3*G26,0) -> 20400 | H27: =IF(H26>0,0.3*H26,0) -> 19800
A28: Ergebnis nach Steuern | B28: =B26-B27 -> 11473 | C28: =C26-C27 -> 17073 | D28: =D26-D27 -> 57400 | E28: =E26-E27 -> 50400 | F28: =F26-F27 -> 49000 | G28: =G26-G27 -> 47600 | H28: =H26-H27 -> 46200

Sheet Invest & Kapitalbedarf
A1: Business-Plan
A3: =Deckblatt!C5 -> Firma | B3: =Deckblatt!C6 -> Muster GbR | H3: =Deckblatt!C11 -> 44562
A5: Investitionen und Kapitalbedarf
A15: Investitionen und Kapitalbedarf
B16: =Gewinn!B16 -> 2021 | C16: =B16+1 -> 2022 | D16: =C16+1 -> 2023 | E16: =D16+1 -> 2024 | F16: =E16+1 -> 2025 | G16: =F16+1 -> 2026 | H16: =G16+1 -> 2027
A17: Investition 1 | B17: 100000 | E17: 30000
A22: Investitionen | B22: =SUM(B17:B21) -> 100000 | C22: =SUM(C17:C21) -> 0 | D22: =SUM(D17:D21) -> 0 | E22: =SUM(E17:E21) -> 30000 | F22: =SUM(F17:F21) -> 0 | G22: =SUM(G17:G21) -> 0 | H22: =SUM(H17:H21) -> 0
A24: =Gewinn!A28 -> Ergebnis nach Steuern | B24: =Gewinn!B28 -> 11473 | C24: =Gewinn!C28 -> 17073 | D24: =Gewinn!D28 -> 57400 | E24: =Gewinn!E28 -> 50400 | F24: =Gewinn!F28 -> 49000 | G24: =Gewinn!G28 -> 47600 | H24: =Gewinn!H28 -> 46200
A25: Abschreibungen | B25: =VLOOKUP($A$25,Gewinn!$A$17:$H$25,COLUMN(),FALSE) -> 10000 | C25: =VLOOKUP($A$25,Gewinn!$A$17:$H$25,COLUMN(),FALSE) -> 10000 | D25: =VLOOKUP($A$25,Gewinn!$A$17:$H$25,COLUMN(),FALSE) -> 10000 | E25: =VLOOKUP($A$25,Gewinn!$A$17:$H$25,COLUMN(),FALSE) -> 13000 | F25: =VLOOKUP($A$25,Gewinn!$A$17:$H$25,COLUMN(),FALSE) -> 13000 | G25: =VLOOKUP($A$25,Gewinn!$A$17:$H$25,COLUMN(),FALSE) -> 13000 | H25: =VLOOKUP($A$25,Gewinn!$A$17:$H$25,COLUMN(),FALSE) -> 13000
A26: Tilgung Darlehen | B26: 10000 | C26: 10000 | D26: 10000 | E26: 10000 | F26: 10000 | G26: 10000 | H26: 10000
A27: Entnahmen | B27: 0 | C27: 0 | D27: 0 | E27: 0 | F27: 0 | G27: 0 | H27: 0
A29: Kapitalbedarf | B29: =B22-B24-B25+B26+B27 -> 88527 | C29: =C22-C24-C25+C26+C27 -> -17073 | D29: =D22-D24-D25+D26+D27 -> -57400 | E29: =E22-E24-E25+E26+E27 -> -23400 | F29: =F22-F24-F25+F26+F27 -> -52000 | G29: =G22-G24-G25+G26+G27 -> -50600 | H29: =H22-H24-H25+H26+H27 -> -49200
A30: Kapitalbedarf kumuliert | B30: =B29 -> 88527 | C30: =B30+C29 -> 71454 | D30: =C30+D29 -> 14054 | E30: =D30+E29 -> -9346 | F30: =E30+F29 -> -61346 | G30: =F30+G29 -> -111946 | H30: =G30+H29 -> -161146
